 Dungeon Crawl Stone Soup version 0.23.2-33-g5129a83184 (webtiles) character file.

Game seed: 259967835307911038

621 DildoBatman the Conjurer (level 7, -3/46 HPs)
             Began as a Formicid Wizard on July 18, 2019.
             Engulfed by a cloud of flame (22 damage)
             ... on level 4 of the Dungeon.
             The game lasted 00:13:42 (6281 turns).

DildoBatman the Conjurer (Formicid Wizard)          Turns: 6281, Time: 00:13:42

Health: -3/46      AC:  4    Str: 12    XL:     7   Next: 75%
Magic:  10/13      EV: 12    Int: 19    God:
Gold:   203        SH:  0    Dex:  9    Spells: 5/12 levels left

rFire    . . .     SeeInvis +   a - +5 short sword
rCold    . . .     Gourm    .   (no shield)
rNeg     . . .     Faith    .   i - +0 robe
rPois    .         Spirit   .   (helmet unavailable)
rElec    .         Reflect  .   (no cloak)
rCorr    .         Harm     .   (no gloves)
MR       .....                  (no boots)
Stlth    ++........             (no amulet)
HPRegen  0.15/turn              (no ring)
MPRegen  0.13/turn              (no ring)

@: no status effects
A: permanent stasis, dig shafts and tunnels, four strong arms, antennae 3, slimy
green scales 1, high mp 1
a: Dig, Shaft Self


You were on level 4 of the Dungeon.
You were not hungry.

You visited 1 branch of the dungeon, and saw 5 of its levels.

You collected 203 gold pieces.

Inventory:

Hand Weapons
 a - a +5 short sword (weapon)
 b - a +1 whip of venom
Missiles
 c - 90 bolts
 h - 58 sling bullets
 j - 111 stones (quivered)
 r - 5 needles of sleeping
 s - 28 arrows
 u - 4 javelins
Armour
 i - a +0 robe (worn)
Jewellery
 g - an uncursed ring of ice
Wands
 A - a wand of iceblast (5)
Scrolls
 d - 4 scrolls of teleportation
 f - 2 scrolls of identify
 m - a scroll of noise {unknown}
 y - 3 scrolls of enchant weapon
 z - 2 scrolls of remove curse {unknown}
 B - a scroll of immolation {unknown}
 C - 2 scrolls of magic mapping
Potions
 e - a potion of ambrosia {unknown}
 k - 2 potions of heal wounds {unknown}
 l - a potion of might
 n - a potion of lignification {unknown}
 o - a potion of resistance {unknown}
 p - a potion of mutation
 q - a potion of curing {unknown}
 t - a potion of degeneration {unknown}
 w - a potion of flight {unknown}
 x - a potion of berserk rage {unknown}
Comestibles
 v - 6 rations


   Skills:
 - Level 1.7 Dodging
 - Level 2.4 Stealth
 - Level 3.2 Spellcasting
 - Level 6.0 Conjurations
   Level 1.0 Summonings
   Level 0.8 Translocations
 * Level 2.1 Fire Magic
 * Level 1.6 Air Magic
 * Level 2.8 Poison Magic


You had 5 spell levels left.
You knew the following spells:

 Your Spells              Type           Power        Failure   Level  Hunger
a - Conjure Flame         Conj/Fire      ###.....     9%          3    ###....
c - Magic Dart            Conj           ####         1%          1    None
e - Mephitic Cloud        Conj/Pois/Air  ###.....     11%         3    ###....

Your spell library contained the following spells:

 Spells                   Type           Power        Failure   Level  Hunger
 Call Imp                 Summ           #.......     16%         2    ##.....
 Slow                     Hex            #.......     22%         2    ##.....
 Blink                    Tloc           Unusable     N/A         2    N/A

Dungeon Overview and Level Annotations

Branches:
Dungeon (5/15)             Temple (0/1) D:5

Altars:
Ashenzari
Dithmenos
Elyvilon
Fedhas
Gozag
Okawaru
Qazlal
Xom
Yredelemnul

Annotations:
D:3 1 runed translucent door, Crazy Yiuf
D:5 3 runed translucent doors, Revguard's ghost, amateur DsGl


Innate Abilities, Weirdness & Mutations

You cannot be hasted, slowed, berserked, paralysed or teleported.
You can dig through walls and to a lower floor.
Your four strong arms can wield two-handed weapons with a shield.
You have a pair of large antennae on your head. (SInv)
You are partially covered in slimy green scales. (AC +2)
You have an increased reservoir of magic. (+10% MP)


Message History

You start resting.
HP restored.
You climb downwards.
Level annotation: 3 runed translucent doors, Revguard's ghost, amateur DsGl The ice beast barely misses you.
There is a stone staircase leading up here.
The ice beast hits you. The ice beast freezes you!
You climb upwards.
There is a stone staircase leading down here.
Casting: Mephitic Cloud (safe; 11% risk of failure)
Confirm with . or Enter, or press ? or * to list all spells.
Aiming: Conjure Flame (safe; 9% risk of failure)
Press: ? - help, Dir - move target cursor The fire ignites!
The ice beast hits you. The ice beast freezes you!
Really walk into that cloud of flame?
You are engulfed in blazing flames.
You die...

......##
#####.#######..#....# ......#
#.# ##......## .....## #.#
#.......# #....# ###.#
##......# ##..##
##...#######......## ###[#
#..##............## ###.#
######...####....# .##.##
#.### #....# .....# #@##
##...# ..#### ### #..# #...#
..# #.### #Y.# ##..# ..#
##...#####.# ##.### ..##
##..........## #..#
...####..#####..>..####.##
....##..## ###...#....##
##......# ####........#####
##..#..######..........#.#..#


You could see an ice beast.

Vanquished Creatures
  An ogre (D:4)
  A scorpion (D:4)
  A hound (D:4)
  A jelly (D:4)
  A centaur zombie (D:5)
  6 orc wizards
  Robin (D:3)
  7 adders
  An ooze (D:4)
  3 worms
  2 dart slugs
  12 leopard geckos
  15 orcs
  4 giant cockroaches
  16 goblins
  15 hobgoblins
  6 jackals (D:1)
  3 quokkas
  9 bats
  6 frilled lizards
  8 kobolds
  11 rats
130 creatures vanquished.

Notes
Turn   | Place    | Note
-------+----------+-------------------------------------------
     0 | D:1      | DildoBatman the Formicid Wizard began the quest for the
                  | Orb.
     0 | D:1      | Reached XP level 1. HP: 13/13 MP: 4/4
    91 | D:1      | Reached skill level 1 in Conjurations
   289 | D:1      | Reached XP level 2. HP: 8/19 MP: 0/6
   490 | D:1      | Reached skill level 2 in Conjurations
   849 | D:1      | Reached XP level 3. HP: 22/24 MP: 4/7
   854 | D:1      | Learned a level 3 spell: Conjure Flame
   858 | D:1      | Learned a level 3 spell: Mephitic Cloud
  1219 | D:2      | Reached skill level 3 in Conjurations
  1628 | D:2      | Found a faded altar of an unknown god.
  1632 | D:2      | Reached XP level 4. HP: 29/30 MP: 3/8
  1732 | D:2      | Found a shadowy altar of Dithmenos.
  1997 | D:2      | Found a blossoming altar of Fedhas.
  2094 | D:2      | Found a stormy altar of Qazlal.
  2598 | D:2      | Found a white marble altar of Elyvilon.
  2691 | D:2      | Reached skill level 4 in Conjurations
  2691 | D:2      | Reached XP level 5. HP: 35/35 MP: 6/9
  2850 | D:3      | Found a basalt altar of Yredelemnul.
  3439 | D:3      | Found an opulent altar of Gozag.
  3731 | D:3      | Noticed Robin
  3744 | D:3      | Killed Robin
  3926 | D:3      | Found a runed translucent door.
  3927 | D:3      | Noticed Crazy Yiuf
  4316 | D:4      | Reached skill level 5 in Conjurations
  4316 | D:4      | Reached XP level 6. HP: 6/41 MP: 2/10
  4513 | D:4      | Gained mutation: You have an increased reservoir of magic.
                  | (+10% MP) [potion of mutation]
  4513 | D:4      | Gained mutation: You are partially covered in slimy green
                  | scales. (AC +2) [potion of mutation]
  4712 | D:4      | Reached skill level 6 in Conjurations
  4820 | D:4      | Reached XP level 7. HP: 22/46 MP: 7/13
  4857 | D:4      | Reached skill level 1 in Poison Magic
  5099 | D:4      | Reached skill level 1 in Fire Magic
  5099 | D:4      | Reached skill level 1 in Air Magic
  5266 | D:4      | Found a shattered altar of Ashenzari.
  5810 | D:4      | Found a shimmering altar of Xom.
  5812 | D:4      | Found an iron altar of Okawaru.
  5900 | D:5      | Entered Level 5 of the Dungeon
  5971 | D:5      | Found a runed translucent gate.
  5971 | D:5      | Found a runed translucent gate.
  5971 | D:5      | Found a runed translucent gate.
  5972 | D:5      | Noticed Revguard's ghost (amateur DsGl)
  6281 | D:4      | Engulfed by a cloud of flame

Skill      XL: |  1  2  3  4  5  6  7 |
---------------+----------------------+-----
Conjurations   | 1 2 3 4 5 6 |  6.0
Poison Magic   | 2 |  2.8
Fire Magic     | 2 |  2.1
Air Magic      | 1 |  1.6
Dodging        | |  1.7
Stealth        | |  2.4
Spellcasting   | |  3.2
Summonings     | |  1.0
Translocations | |  0.8

Action                   |  1- 3 |  4- 6 |  7- 9 || total
-------------------------+-------+-------+-------++-------
Melee: Dagger            |     2 |       |       ||     2
       Short sword       |    27 |    72 |    26 ||   125
 Cast: Magic Dart        |    79 |   192 |    30 ||   301
       Mephitic Cloud    |     1 |     4 |     6 ||    11
       Conjure Flame     |       |     1 |     5 ||     6
 Abil: Dig               |     4 |     3 |       ||     7
  Use: Potion            |       |     2 |       ||     2
       Scroll            |       |       |     4 ||     4
 Stab: Confused          |       |       |     4 ||     4
  Eat: Chunk             |     3 |    12 |     4 ||    19
       Ration            |       |       |     1 ||     1
Armor: Robe              |     8 |    13 |     6 ||    27
Dodge: Dodged            |    33 |    57 |    17 ||   107
